 Dungeon Crawl Stone Soup version 0.26.1-11-gd32895ea62 (webtiles) character file.

Game seed: 8058005756805555838

602 dtburroughs the Chopper (level 7, -2/62 HPs)
             Began as a Minotaur Berserker on June 13, 2021.
             Was a Believer of Trog.
             Slain by Sigmund
             ... wielding a +0 scythe
              (12 damage)
             ... on level 4 of the Dungeon.
             The game lasted 00:07:20 (4018 turns).

dtburroughs the Chopper (Minotaur Berserker)        Turns: 4018, Time: 00:07:20

Health: -2/62      AC:  7    Str: 21    XL:     7   Next: 18%
Magic:  6/6        EV: 12    Int:  6    God:    Trog [**....]
Gold:   211        SH:  0    Dex: 10    Spells: 6/6 levels left

rFire    . . .     SeeInvis .   a - +0 hand axe
rCold    + . .     Faith    .   (no shield)
rNeg     . . .     Spirit   .   r - +1 ring mail {rC+}
rPois    .         Reflect  .   (helmet restricted)
rElec    .         Harm     .   (no cloak)
rCorr    .         Rampage  .   (no gloves)
Will     .....                  (no boots)
Stlth    ..........             (no amulet)
HPRegen  0.20/turn              (no ring)
MPRegen  0.10/turn              (no ring)

@: confused
A: retaliatory headbutt, horns 2
a: Renounce Religion, Berserk, Trog's Hand


You were on level 4 of the Dungeon.
You worshipped Trog.
Trog was pleased with you.
You visited 1 branch of the dungeon, and saw 4 of its levels.

You collected 211 gold pieces.

Inventory:

Hand Weapons
 a - a +0 hand axe (weapon)
 i - a cursed -1 hand axe
Armour
 r - a +1 ring mail of cold resistance (worn)
 s - a +0 chain mail
Wands
 q - a wand of flame (4)
Scrolls
 b - 4 scrolls of remove curse {unknown}
 e - 4 scrolls of identify {unknown}
 f - a scroll of magic mapping {unknown}
 h - a scroll of fog {unknown}
 m - 2 scrolls of teleportation {unknown}
 o - a scroll of enchant weapon {unknown}
 p - a scroll of immolation {unknown}
Potions
 c - 2 potions of mutation {unknown}
 d - a potion of lignification {unknown}
 g - 3 potions of attraction {unknown}
 j - a potion of curing {unknown}
 k - a potion of berserk rage {unknown}
 l - a potion of magic {unknown}
 n - a potion of flight {unknown}


   Skills:
 + Level 5.9 Fighting
 + Level 5.9 Axes
 + Level 5.2 Armour
 + Level 4.6 Dodging


You had 6 spell levels left.
You didn't know any spells.
Your spell library was empty.

Dungeon Overview and Level Annotations

Branches:
Dungeon (4/15)
 Temple: D:4-7

Altars:
Kikubaaqudgha

Annotations:
D:4 Sigmund


Innate Abilities, Weirdness & Mutations

You reflexively headbutt those who attack you in melee.
You have a pair of horns on your head.


Message History

Something hits you. Something hits you.
You hear some strange, mumbled words.
You are confused.
A leopard gecko comes into view.
The leopard gecko hisses angrily.
Something hits you!
There is a stone staircase leading up, spattered with blood here.
Items here: ( )) [[ ÷÷.
Something hits you!
* * * LOW HITPOINT WARNING * * *
In your confused state, you trip and fall back down the stairs.
* * * LOW HITPOINT WARNING * * *
Something barely misses you. The leopard gecko misses you.
In your confused state, you trip and fall back down the stairs.
* * * LOW HITPOINT WARNING * * *
The leopard gecko bites you.
* * * LOW HITPOINT WARNING * * *
Something hits you!
You die...

#............## ##...
..........>...# #... .
#...#.#####÷.######...
..##.######.#)###.##....
.......#....[...........
#......................
#...................#.#
#.........(.........#.#
#....l@[{(..(..........
..#..................##.
#...............##..#.
#<...............#.....
##...............#....#
####......[..........#
#..................
#.....#.............
#.............##.....


You could see a leopard gecko.

Vanquished Creatures
  Menkaure (D:4)
  Duvessa (D:3)
  Blork the orc (D:4)
  Dowan (D:3)
  A howler monkey (D:4)
  A hound (D:3)
  2 orc priests (D:4)
  An orc wizard (D:4)
  6 adders
  2 worms (D:2)
  A dart slug (D:1)
  3 leopard geckos
  6 orcs
  2 ball pythons
  6 bats
  3 giant cockroaches
  8 goblins
  7 hobgoblins
  6 jackals
  A quokka (D:2)
  4 frilled lizards
  8 kobolds
  11 rats
83 creatures vanquished.

Vanquished Creatures (others)
  3 plants (D:4)
3 creatures vanquished.

Grand Total: 86 creatures vanquished

Notes
Turn   | Place    | Note
-------+----------+-------------------------------------------
     0 | D:1      | dtburroughs the Minotaur Berserker began the quest for the
                  | Orb.
     0 | D:1      | Reached XP level 1. HP: 19/19 MP: 0/0
   230 | D:1      | Reached XP level 2. HP: 27/27 MP: 1/1
   673 | D:2      | Reached XP level 3. HP: 33/33 MP: 2/2
  1248 | D:2      | Reached ** piety under Trog
  1741 | D:3      | Reached XP level 4. HP: 35/41 MP: 3/3
  2185 | D:3      | Found an ancient bone altar of Kikubaaqudgha.
  2495 | D:4      | Noticed Duvessa
  2496 | D:4      | Noticed Dowan
  2935 | D:3      | Reached XP level 5. HP: 26/47 MP: 4/4
  2942 | D:3      | Killed Duvessa
  2943 | D:3      | Reached skill level 5 in Fighting
  2943 | D:3      | Reached skill level 5 in Axes
  3301 | D:3      | Killed Dowan
  3302 | D:3      | Reached XP level 6. HP: 51/56 MP: 5/5
  3456 | D:4      | Noticed Blork the orc
  3474 | D:4      | Killed Blork the orc
  3503 | D:4      | Noticed Menkaure
  3514 | D:4      | Killed Menkaure
  3515 | D:4      | Reached skill level 5 in Armour
  3515 | D:4      | Reached XP level 7. HP: 16/62 MP: 6/6
  3966 | D:4      | Noticed Sigmund
  4018 | D:4      | Slain by Sigmund

Illustrated notes

Levels and vault maps discovered:
D:1:      tarquinn_simple_flora_water_a, layout_rooms,
          ebering_dispersal_statue_hall
D:2:      layout_rooms, minivault_11
D:3:      layout_loops_ring, kiku_gazebo_pond_becter, minmay_fountain_box
D:4:      layout_cave_pools, chequers_temple_overflow_minitemple,
          old_standard_altar, minmay_temple_entry_gardened_gates,
          grunt_ministairs_4, uniq_menkaure, uniq_sigmund, uniq_duvessa,
          uniq_blork_the_orc

Skill      XL: |  1  2  3  4  5  6 |
---------------+-------------------+-----
Axes           | 4 5 |  5.9
Fighting       | 4 5 |  5.9
Armour         | 3 4 5 |  5.2
Dodging        | 3 4 |  4.6

Action                   |  1- 3 |  4- 6 |  7- 9 || total
-------------------------+-------+-------+-------++-------
Melee: Hand axe          |   109 |    92 |     5 ||   206
       Headbutt          |     6 |    16 |     2 ||    24
Invok: Trog's Hand       |       |     4 |       ||     4
       Berserk           |       |     2 |       ||     2
Armor: Ring mail         |    50 |    36 |     1 ||    87
Dodge: Dodged            |    64 |    64 |     6 ||   134
